 Dungeon Crawl Stone Soup version 0.29.0-5-ge4962eb29e (webtiles) character file.

Game seed: 10673426116543194890

52 Zeldest the Trooper (level 3, -1/29 HPs)
             Began as a Mummy Chaos Knight on Aug 29, 2022.
             Was a Plaything of Xom.
             Slain by a worm (11 damage)
             ... on level 2 of the Dungeon.
             The game lasted 00:01:37 (1234 turns).

Zeldest the Trooper (Mummy Chaos Knight)            Turns: 1234, Time: 00:01:37

Health: -1/29      AC:  5    Str: 17    XL:     3   Next: 60%
Magic:  3/3        EV: 11    Int: 11    God:    Xom [......]
Gold:   74         SH:  0    Dex: 11    Spells: 2/2 levels left

rFire   x . .      SeeInvis .   a - +0 hand axe (chaos)
rCold   + . .      Faith    .   (no shield)
rNeg    + + +      Spirit   .   b - +2 leather armour
rPois   ∞          Reflect  .   (no helmet)
rElec   .          Harm     .   (no cloak)
rCorr   .          Rampage  .   (no gloves)
Will    .....                   (no boots)
Stlth   +.........              (no amulet)
HPRegen 0.09/turn               (no ring)
MPRegen 0.08/turn               (no ring)

@: no status effects
A: cold resistance 1, negative energy resistance 3, torment resistance 2, heat
vulnerability 1, in touch with death 1, no potions
a: Renounce Religion


You were on level 2 of the Dungeon.
You worshipped Xom.
You were a very special plaything of Xom.
You visited 1 branch of the dungeon, and saw 2 of its levels.

You collected 74 gold pieces.

Inventory:

Hand Weapons
 a - a +0 hand axe of chaos (weapon)
Armour
 b - a +2 leather armour (worn)
Jewellery
 f - an amulet of guardian spirit
Scrolls
 d - a scroll of enchant weapon {unknown}
 e - 5 scrolls of identify {unknown}
 g - a scroll of immolation {unknown}
 h - a scroll of teleportation {unknown}
 i - a scroll of fear {unknown}
 j - a scroll of magic mapping {unknown}
Miscellaneous
 c - a piece from Xom's chessboard (15/15) (quivered)


   Skills:
 + Level 3.4 Fighting
 * Level 3.2 Axes
 + Level 2.1 Armour
 - Level 0.7 Dodging


You had 2 spell levels left.
You didn't know any spells.
Your spell library was empty.

Dungeon Overview and Level Annotations

Branches:
Dungeon (2/15)

Altars:
Xom

Shops:
D:1 ([[(


Innate Abilities, Weirdness & Mutations

You are immune to poison.
Your flesh is cold resistant. (rC+)
You are immune to negative energy. (rN+++)
You are immune to unholy pain and torment.
You are vulnerable to heat. (rF-)
You are in touch with the powers of death.
You do not drink.


Message History

You hit the worm. You freeze the worm.
The worm is heavily wounded.
The worm bites you!
You are too injured to fight recklessly!
You are too injured to fight recklessly!
You are too injured to fight recklessly!
You are too injured to fight recklessly!
You are too injured to fight recklessly!
You are too injured to fight recklessly!
You are too injured to fight recklessly!
You are too injured to fight recklessly!
You are too injured to fight recklessly!
You are too injured to fight recklessly!
You are too injured to fight recklessly!
You are too injured to fight recklessly!
You are too injured to fight recklessly!
You are too injured to fight recklessly!
You hit the worm.
The worm is severely wounded.
The worm completely misses you.
You hit the worm but do no damage.
The worm is poisoned.
The worm is severely wounded.
The worm bites you!
You hit the worm. You burn the worm.
The worm is severely wounded.
The worm barely misses you.
You completely miss the worm.
The worm is severely wounded.
The worm barely misses you.
You hit the worm.
The worm resists with some effort.
The worm is almost dead.
The worm closely misses you.
You barely miss the worm.
The worm is severely wounded.
The worm barely misses you.
You hit the worm.
The worm is almost dead.
The worm bites you!
You die... "Boring in life, boring in death..."

....#.#####..###########
........ ##..# ..#......
##.## ##....... #..## #
.#..... ##..# . ##.....
###.# #
.....####..)########
.........#......#
.........@w.....#
...............>#
..#######.......# #
##......# ......#
......# .###### .#


You could see a worm (berserk, poisoned).

Vanquished Creatures
  2 adders (D:2)
  A dart slug (D:1)
  2 bats
  An endoplasm (D:1)
  4 goblins
  4 hobgoblins
  7 jackals
  4 kobolds
  2 ball pythons (D:1)
  2 frilled lizards (D:1)
29 creatures vanquished.

Notes
Turn   | Place    | Note
-------+----------+-------------------------------------------
     0 | D:1      | Zeldest the Mummy Chaos Knight began the quest for the Orb.
     0 | D:1      | Reached XP level 1. HP: 18/18 MP: 1/1
   187 | D:1      | Reached XP level 2. HP: 21/24 MP: 2/2
   216 | D:1      | Found Tutaokk's Weapon Shop.
   273 | D:1      | Found Dalus's Armour Emporium.
   283 | D:1      | Found Usuqum's Antique Armour Boutique.
   342 | D:1      | Found Ypreass's Antique Weapon Shoppe.
   451 | D:1      | Found a faded altar of an unknown god.
   451 | D:1      | Noticed a rust devil
   533 | D:1      | XOM: divination: detect creatures
   619 | D:2      | XOM: scenery: create altars
   627 | D:2      | Gained mutation: You are in touch with the powers of death.
                  | [Mummy growth]
   627 | D:2      | Reached XP level 3. HP: 16/29 MP: 3/3
   809 | D:2      | XOM: noise
   814 | D:2      | XOM: summons 1 hostile demon
  1234 | D:2      | Slain by a worm

Illustrated notes

Levels and vault maps discovered:
D:1:      amcnicky_arrival_choice, layout_basic,
          dreamdust_ecumenical_altar_sealed_demon, serial_shops, shop,
          nicolae_shop_trees, nicolae_lakefront_shop, shop
D:2:      layout_rooms, uniq_robin

Skill      XL: |  1  2 |
---------------+-------+-----
Axes           | 3 |  3.2
Armour         | 2 |  2.1
Fighting       | |  3.4
Dodging        | |  0.7

Action                   || total
-------------------------++-------
Melee: Hand axe          ||   101
       Punch             ||     4
Armor: Leather armour    ||    46
Dodge: Dodged            ||    92
